 Dungeon Crawl Stone Soup version 0.29.1-12-g30fa7ad0bf (webtiles) character file.

Game seed: 2812519098726917896

9594 Radix the Arsonist (level 11, -3/64 HPs)
             Began as a Gargoyle Cinder Acolyte on Dec 24, 2022.
             Was a Believer of Ignis.
             Killed by the air
             ... invoked by Gastronok
              (25 damage)
             ... on level 2 of the Lair of Beasts.
             The game lasted 01:09:12 (13601 turns).

Radix the Arsonist (Gargoyle Cinder Acolyte)       Turns: 13601, Time: 01:09:13

Health: -3/64      AC: 18    Str: 18    XL:     11   Next: 48%
Magic:  18/23      EV: 10    Int: 19    God:    Ignis [**....]
Gold:   542        SH:  3    Dex: 11    Spells: 19/26 levels left

rFire   + . .      SeeInvis .   c - +7 mace "Iskewu" {pain, *Rage Dex+6}
rCold   . . .      Faith    .   m - +0 buckler
rNeg    + . .      Spirit   .   F - +1 acid dragon scales
rPois   ∞          Reflect  .   (helmet restricted)
rElec   +          Harm     .   E - +0 cloak
rCorr   +          Rampage  .   o - +0 pair of gloves
Will    +....      Rage     23% (no boots)
Stlth   +.........              f - amulet of regeneration
HPRegen 1.00/turn               p - ring of willpower
MPRegen 0.18/turn               (no ring)

@: hasted, very quick
A: sickness immunity, AC +8, negative energy resistance 1, electricity
resistance, torment resistance 1, petrification resistance, horns 1, berserk 1,
evolution 1
a: Renounce Religion, Fiery Armour, Foxfire Swarm, Rising Flame


You were on level 2 of the Lair of Beasts.
You worshipped Ignis.
Ignis was pleased with you.
You visited 3 branches of the dungeon, and saw 13 of its levels.

You collected 717 gold pieces.
You spent 175 gold pieces at shops.

Inventory:

Hand Weapons
 a - a -1 mace of flaming
 c - the +7 mace "Iskewu" (weapon) {pain, *Rage Dex+6}
   (You took it off an orc priest on level 8 of the Dungeon)

   In the hands of one skilled in necromantic magic, it inflicts extra damage on
   living creatures.
   Dex:       It affects your dexterity (+6).
   *Rage:     It berserks you when you make melee attacks (+20% chance).
 g - a +0 morningstar
 n - a +2 spear of venom
 u - a +4 flail of protection
 z - a +2 mace of holy wrath
Armour
 b - a +0 robe
 h - a +0 ring mail
 m - a +0 buckler (worn)
 o - a +0 pair of gloves (worn)
 v - a +2 scale mail of poison resistance
 A - a +0 helmet
 C - a +0 pair of gloves
 E - a +0 cloak (worn)
 F - +1 acid dragon scales (worn)
 I - +0 steam dragon scales
Magical Staves
 e - a staff of earth
Jewellery
 f - an amulet of regeneration (around neck)
 p - a ring of willpower (left hand)
 w - a ring of wizardry
 K - a ring of fire
 R - a ring of ice
 S - an amulet of guardian spirit
Wands
 s - a wand of quicksilver (9)
 x - a wand of roots (17)
 G - a wand of polymorph (14)
Scrolls
 i - 2 scrolls of fear
 k - 6 scrolls of teleportation
 q - 3 scrolls of vulnerability
 r - 6 scrolls of amnesia
 t - 2 scrolls of enchant weapon
 y - a scroll of immolation
 L - 6 scrolls of identify
 M - a scroll of summoning {unknown}
 O - a scroll of silence {unknown}
 Q - a scroll of acquirement {unknown}
 T - a scroll of poison {unknown}
Potions
 d - 2 potions of might
 j - a potion of haste
 l - 2 potions of lignification
 B - 8 potions of flight
 D - 2 potions of degeneration
 H - a potion of attraction
 J - a potion of invisibility
Miscellaneous
 N - a condenser vane
 P - a box of beasts


   Skills:
 + Level 6.2 Fighting
 - Level 5.3 Maces & Flails
 - Level 2.9 Armour
 + Level 8.3 Spellcasting
 + Level 7.5 Conjurations
 - Level 3.5 Summonings
 + Level 8.8 Fire Magic
 + Level 8.1 Earth Magic
 + Level 1.1 Evocations


You had 19 spell levels left.
You knew the following spells:

 Your Spells              Type           Power      Damage    Failure   Level
a - Scorch                Fire           82%        2d9       1%          2
b - Summon Small Mammal   Summ           84%        N/A       3%          1
c - Stone Arrow           Conj/Erth      74%        3d11      1%          3
d - Sandblast             Erth           76%        2d16      1%          1

Your spell library contained the following spells:

 Spells                   Type           Power      Damage    Failure   Level
 Magic Dart               Conj           100%       1d8       1%          1
 Passwall                 Tmut/Erth      19%        N/A       4%          2
 Call Imp                 Summ           21%        N/A       5%          2
 Call Canine Familiar     Summ           21%        N/A       11%         3
 Mephitic Cloud           Conj/Pois/Air  17%        N/A       17%         3
 Summon Guardian Golem    Hex/Summ       14%        N/A       22%         3


Dungeon Overview and Level Annotations

Branches:
Dungeon (10/15)            Temple (1/1) D:4            Lair (2/5) D:10
    Orc (0/2) D:10
  Swamp: Lair:2-3    Shoals: Lair:2-3     Snake: Lair:2-3    Spider: Lair:2-3

Altars:
Ashenzari
Cheibriados
Dithmenos
Elyvilon
Fedhas
Gozag
Hepliaklqana
Kikubaaqudgha
Makhleb
Nemelex Xobeh
Okawaru
Qazlal
Ru
Sif Muna
Trog
Uskayaw
Vehumet
Wu Jian
Xom
Yredelemnul
Zin
The Shining One

Shops:
D:4 (   D:7 ?   D:8 [

Annotations:
Lair:2 Gastronok


Innate Abilities, Weirdness & Mutations

You are immune to sickness and miasma.
Your stone body is resilient. (AC +8)
You are immune to poison.
You resist negative energy. (rN+)
You are resistant to electric shocks. (rElec)
You are resistant to unholy torment.
You are immune to petrification.
You have a pair of small horns on your head.
You sometimes lose your temper in combat.
You have hidden genetic potential.


Message History

Casting: Stone Arrow (safe; 1% risk of failure)
Confirm with . or Enter, or press ? or * to list all spells.
You can't see any susceptible monsters within range! (Use Z to cast anyway.)
Casting: Stone Arrow (safe; 1% risk of failure)
Confirm with . or Enter, or press ? or * to list all spells.
Casting: Summon Small Mammal (safe; 3% risk of failure)
Confirm with . or Enter, or press ? or * to list all spells.
Gastronok waves his eye-stalks in wide circles.
The air twists around and strikes you!!
Found a stone staircase leading up.
You swap places.
Casting: Summon Small Mammal (safe; 3% risk of failure)
Confirm with . or Enter, or press ? or * to list all spells.
You can't see any susceptible monsters within range! (Use Z to cast anyway.)
Casting: Summon Small Mammal (safe; 3% risk of failure)
Confirm with . or Enter, or press ? or * to list all spells.
Flames lash Gastronok.
Gastronok is lightly wounded.
Gastronok's fire resistance burns away.
Your rat bites Gastronok but does no damage.
Gastronok waves his eye-stalks in wide circles.
The air twists around and strikes you!!
* * * LOW HITPOINT WARNING * * *
Your rat bites Gastronok but does no damage.
You feel yourself speed up.
Your rat bites Gastronok.
Your rat bites Gastronok but does no damage.
Gastronok bites your rat!!!
Your rat dies!
Your rat's corpse disappears in a puff of smoke!
Casting: Scorch (safe; 1% risk of failure)
Confirm with . or Enter, or press ? or * to list all spells.
Flames lash Gastronok.
Gastronok is burned terribly!
Gastronok is lightly wounded.
Your rat bites Gastronok.
You sock Gastronok!
Gastronok is moderately wounded.
Your rat bites Gastronok but does no damage.
Gastronok waves his eye-stalks in wide circles.
The air twists around and strikes you!!
You die...

.........#.###.#.#
...................
....<...............
....................
.....[..............
................>...
......wr............
.PP#..@............
....................
............<.......
#.#.#.###^P...###...
# # ## #######


You could see Gastronok (combustible, ally target) and a friendly rat
(summoned).

Vanquished Creatures
  A two-headed ogre (D:6)
  A black mamba (Lair:1)
  2 cane toads (Lair:1)
  Maggie (D:6)
  A shadow (D:6)
  4 yaks (D:9)
  3 wyverns
  A steam dragon (D:7)
  5 wargs (D:10)
  An acid dragon (D:10)
  Duvessa (D:5)
  4 water moccasins
  An ice beast (D:7)
  9 orc warriors
  3 sky beasts
  2 black bears
  2 wolves (Lair:1)
  The ghost of wormed the Trooper, an amateur DsFi (D:4)
  2 centaurs
  A phantom (D:5)
  4 kobold brigands
  8 bullfrogs
  A gnoll sergeant (D:8)
  2 necrophages
  6 wights
  Dowan (D:5)
  21 killer bees
  3 howler monkeys (D:9)
  5 hounds
  7 orc priests
  A gnoll bouda (D:9)
  4 iguanas
  12 orc wizards
  A mummy (D:7)
  9 gnolls
  6 river rats (D:4)
  8 adders
  A shadow imp (D:5)
  2 white imps
  2 ufetubi (D:4)
  A worm (D:3)
  The ghost of superradish the Sneak, a weakling DsDe (D:6)
  3 dart slugs
  27 orcs
  6 ball pythons
  3 bats
  5 endoplasms
  A giant cockroach (D:4)
  3 jackals (D:1)
  3 quokkas
  2 frilled lizards
  7 goblins
  2 hobgoblin zombies (D:7)
  17 kobolds
  A kobold zombie (D:7)
  An orc zombie (D:7)
  23 rats
256 creatures vanquished.

Vanquished Creatures (collateral kills)
  A killer bee (D:8)
1 creature vanquished.

Vanquished Creatures (others)
  12 foxfires (D:8)
  6 plants (Lair:1)
  2 withered plants (D:6)
20 creatures vanquished.

Grand Total: 277 creatures vanquished

Notes
Turn   | Place    | Note
-------+----------+-------------------------------------------
     0 | D:1      | Radix the Gargoyle Cinder Acolyte began the quest for the
                  | Orb.
     0 | D:1      | Reached XP level 1. HP: 14/14 MP: 2/2
   341 | D:1      | Reached XP level 2. HP: 19/19 MP: 4/4
   997 | D:2      | Reached XP level 3. HP: 23/23 MP: 7/7
  1859 | D:2      | Learned a level 2 spell: Scorch
  2075 | D:3      | Reached XP level 4. HP: 28/28 MP: 9/9
  2418 | D:3      | Reached XP level 5. HP: 33/33 MP: 10/10
  2507 | D:3      | Found a faded altar of an unknown god.
  2636 | D:3      | Found a glowing silver altar of Zin.
  2636 | D:3      | Found a sparkling altar of Nemelex Xobeh.
  3089 | D:4      | Reached skill level 1 in Summonings
  3223 | D:4      | Reached XP level 6. HP: 38/38 MP: 11/11
  3241 | D:4      | Found a runed translucent door.
  3247 | D:4      | Noticed wormed's ghost (amateur DsFi)
  3270 | D:4      | Killed wormed's ghost
  3271 | D:4      | Reached skill level 1 in Armour
  3274 | D:4      | Found a runed translucent door.
  3423 | D:4      | Found Avebyjigh's Weapon Emporium.
  3531 | D:4      | Reached XP level 7. HP: 8/44 MP: 11/13
  3687 | D:4      | Found a staircase to the Ecumenical Temple.
  3720 | D:4      | Found a shadowy altar of Dithmenos.
  3761 | D:4      | Found a shimmering altar of Xom.
  4395 | D:5      | Entered Level 5 of the Dungeon
  4395 | D:5      | Noticed Dowan
  4400 | D:5      | Noticed Duvessa
  4516 | Temple   | Entered the Ecumenical Temple
  5260 | D:5      | Killed Dowan
  5263 | D:5      | Killed Duvessa
  5264 | D:5      | Reached skill level 5 in Fighting
  5264 | D:5      | Reached XP level 8. HP: 37/49 MP: 3/14
  6294 | D:6      | Learned a level 1 spell: Summon Small Mammal
  6409 | D:6      | Found a runed translucent door.
  6410 | D:6      | Noticed superradish's ghost (weakling DsDe)
  6417 | D:6      | Killed superradish's ghost
  6650 | D:6      | Noticed Maggie
  6659 | D:6      | Reached skill level 5 in Fire Magic
  6678 | D:6      | Killed Maggie
  6679 | D:6      | Reached skill level 5 in Maces & Flails
  6679 | D:6      | Reached skill level 5 in Spellcasting
  7089 | D:6      | Noticed a shadow
  7096 | D:6      | Killed a shadow
  7097 | D:6      | Reached skill level 1 in Conjurations
  7097 | D:6      | Reached skill level 1 in Earth Magic
  7097 | D:6      | Reached XP level 9. HP: 55/55 MP: 5/17
  7123 | D:6      | Noticed a two-headed ogre
  7142 | D:6      | Killed a two-headed ogre
  8242 | D:7      | Found Mafrihudau's Magic Scroll Shoppe.
  8251 | D:7      | Bought a scroll of enchant weapon for 105 gold pieces
  8251 | D:7      | Bought a scroll of identify for 28 gold pieces
  8440 | D:8      | Reached XP level 10. HP: 18/60 MP: 1/19
  8579 | D:8      | Identified the +7 mace "Iskewu" {pain, *Rage Dex+6}
  8726 | D:8      | Learned a level 3 spell: Stone Arrow
  8728 | D:8      | Learned a level 1 spell: Sandblast
  8738 | D:8      | Reached skill level 5 in Earth Magic
  8901 | D:8      | Reached skill level 5 in Conjurations
  9256 | D:8      | Found Joadirghu's Armour Shop.
  9436 | D:9      | Found an iron altar of Okawaru.
  9446 | D:9      | Found a hide-covered altar of Uskayaw.
 10584 | D:10     | Entered Level 10 of the Dungeon
 10624 | D:10     | Found a staircase to the Lair.
 10627 | D:10     | Reached XP level 11. HP: 47/64 MP: 3/22
 10959 | D:10     | Found an ornate altar of the Wu Jian Council.
 11426 | D:10     | Gained mutation: You have hidden genetic potential. [potion
                  | of mutation]
 11426 | D:10     | Gained mutation: You sometimes lose your temper in combat.
                  | [potion of mutation]
 11426 | D:10     | Gained mutation: You have a pair of small horns on your
                  | head. [potion of mutation]
 11444 | D:10     | HP: 2/96 [orc priest/divine providence (16)]
 11815 | D:10     | Found a staircase to the Orcish Mines.
 12332 | D:7      | Bought a scroll of teleportation for 42 gold pieces
 12437 | Lair:1   | Entered Level 1 of the Lair of Beasts
 12952 | Lair:1   | Reached skill level 1 in Evocations
 13590 | Lair:2   | Noticed Gastronok
 13601 | Lair:2   | Killed from afar by Gastronok

Illustrated notes

Levels and vault maps discovered:
D:1:      minmay_arrival_hallway, layout_basic, nicolae_titane
D:2:      layout_basic, item_on_display_a
D:3:      layout_loops_ring, nicolae_overflow_two_pavilions,
          hellmonk_ecumenical_altar_inner_sanctum, chequers_jeans
D:4:      kennysheep_spiral_hall, layout_layer_cave,
          mainiacjoe_overflow_large_starburst, minmay_temple_entry_from_below_a,
          ebering_ghost_sewer_f, serial_shops, kennysheep_mini,
          dk_rats_in_the_wall
D:5:      layout_layer_cave, uniq_duvessa
D:6:      layout_basic, gammafunk_ghost_grave, minmay_small_thing, uniq_maggie
D:7:      layout_loops_cross, serial_shops, shop, minmay_misc_feat_nine_boxes,
          minmay_mini_ossuary
D:8:      layout_rooms, serial_shops, shop, bh_walls_and_bars
D:9:      layout_grid_maze, mainiacjoe_overflow_catwalk_spiral
D:10:     layout_roguey, lemuel_tele_altar, erik_lair_orcish_takeover,
          david_orc_1_choice, roderic_serpentine_path,
          chequers_serial_rivers_micro_b, corner_web_ring
Temple:   regret_index_temple_waves
Lair:1:   layout_chaotic_city, wad_woods_road_06, beast_lair_carwin_11
Lair:2:   layout_long_grid, lightli_volcano_entry_magma_tube,
          gammafunk_ghost_grave, basic_altar, serial_bayou_shore_b,
          uniq_gastronok, uniq_amaemon

Skill      XL: |  1  2  3  4  5  6  7  8  9 10 11 |
---------------+----------------------------------+-----
Spellcasting   | 2 3 4 5 6 7 8 |  8.3
Summonings     | 1 2 3 |  3.5
Fighting       | 4 5 6 |  6.2
Armour         | 1 2 |  2.9
Fire Magic     | 4 5 6 8 |  8.8
Maces & Flails | 4 5 |  5.3
Conjurations   | 1 4 6 7 |  7.5
Earth Magic    | 1 4 7 8 |  8.1
Evocations     | 1 |  1.1

Action                   |  1- 3 |  4- 6 |  7- 9 | 10-12 || total
-------------------------+-------+-------+-------+-------++-------
Melee: Mace              |   106 |   114 |   222 |   157 ||   599
       Punch             |     1 |     1 |     4 |     1 ||     7
       Headbutt          |       |       |       |    14 ||    14
 Cast: Scorch            |       |    12 |   101 |   113 ||   226
       Summon Small Mamm |       |       |     8 |     8 ||    16
       Stone Arrow       |       |       |       |    26 ||    26
       Sandblast         |       |       |       |     4 ||     4
Invok: Fiery Armour      |       |     1 |     1 |     7 ||     9
       Foxfire Swarm     |       |       |       |     1 ||     1
  Use: Potion            |       |     1 |       |     7 ||     8
       Scroll            |       |       |    18 |     1 ||    19
Armor: Robe              |     7 |       |       |       ||     7
       Ring mail         |    53 |    72 |       |       ||   125
       Scale mail        |       |    24 |   116 |       ||   140
       Acid dragon scale |       |       |    78 |   192 ||   270
Dodge: Dodged            |    53 |    73 |   125 |   154 ||   405
Block: Buckler           |       |       |       |     6 ||     6
